 Dungeon Crawl Stone Soup version 0.25.0-10-g039870ee82 (webtiles) character file.

Game seed: 15223381496473205128

2298 shadizar the Covert (level 9, 0/62 HPs)
             Began as an Octopode Assassin on June 23, 2020.
             Was a Follower of Okawaru.
             Slain by a wolf (4 damage)
             ... led by Grum
             ... on level 7 of the Dungeon.
             The game lasted 00:13:27 (8315 turns).

shadizar the Covert (Octopode Assassin)             Turns: 8315, Time: 00:13:27

Health: 0/62       AC:  1    Str: 10    XL:     9   Next: 40%
Magic:  11/11      EV: 12    Int: 13    God:    Okawaru [*.....]
Gold:   359        SH: 15    Dex: 17    Spells: 8/8 levels left

rFire    . . .     SeeInvis .   u - +2 dagger (venom)
rCold    . . .     Gourm    .   l - +2 tower shield
rNeg     . . .     Faith    .   (helmet restricted)
rPois    .         Spirit   .   (no amulet)
rElec    .         Reflect  .   s - ring of resist corrosion
rCorr    +         Harm     .   i - ring of stealth
MR       .....                  j - +4 ring of slaying
Stlth    +++++++...             A - ring of stealth
HPRegen  0.20/turn              (no ring)
MPRegen  0.12/turn              (no ring)
                                (no ring)
                                (no ring)

@: no status effects
A: almost no armour, stealthy swim, amphibious, 8 rings, constrict 8, camouflage
1, gelatinous body 1
a: Heroism, Renounce Religion


You were on level 7 of the Dungeon.
You worshipped Okawaru.
Okawaru was aware of your devotion.
You were not hungry.

You visited 2 branches of the dungeon, and saw 9 of its levels.

You collected 359 gold pieces.

Inventory:

Hand Weapons
 a - a +2 dagger
 r - a cursed -1 short sword
 u - a +2 dagger of venom (weapon)
 z - a +1 falchion of freezing
Missiles
 b - 68 poisoned darts (quivered)
 c - 2 curare-tipped darts
 g - 3 datura-tipped darts
Armour
 l - a +2 tower shield (worn)
Jewellery
 i - a ring of stealth (right tentacle)
 j - a +4 ring of slaying (on tentacle)
 q - an uncursed ring of ice
 s - a ring of resist corrosion (left tentacle)
 A - a ring of stealth (on tentacle)
 D - an uncursed amulet of guardian spirit
 F - an uncursed ring of fire
Wands
 t - a wand of disintegration (12)
 y - a wand of digging (6)
 B - a wand of random effects (18)
Scrolls
 h - 2 scrolls of blinking
 k - 3 scrolls of identify
 n - a scroll of magic mapping
 w - 5 scrolls of remove curse
Potions
 e - 2 potions of invisibility
 f - a potion of lignification
 m - 3 potions of haste
 o - 2 potions of curing
 p - a potion of berserk rage
 x - a potion of brilliance
 E - a potion of might
Comestibles
 d - 11 rations
 v - a chunk of flesh


   Skills:
 + Level 5.6 Fighting
 + Level 5.7 Short Blades
 - Level 2.0 Throwing
 + Level 5.2 Dodging
 + Level 8.9 Stealth
 + Level 5.2 Shields
 + Level 3.2 Invocations


You had 8 spell levels left.
You didn't know any spells.
Your spell library contained the following spells:

 Spells                   Type           Power        Failure   Level  Hunger
 Animate Skeleton         Necr           N/A          99%         1    ##.....
 Apportation              Tloc           #.....       99%         1    ##.....
 Corona                   Hex            #......      99%         1    ##.....
 Sandblast                Erth           #.....       99%         1    ##.....
 Summon Small Mammal      Summ           #...         99%         1    ##.....
 Passwall                 Tmut/Erth      #.......     99%         2    ###....
 Stone Arrow              Conj/Erth      #.....       100%        3    ####...
 Petrify                  Tmut/Erth      #.......     100%        4    #####..
 Lee's Rapid Deconstruct  Erth           #.........   100%        5    ######.


Dungeon Overview and Level Annotations

Branches:
Dungeon (8/15)             Temple (1/1) D:5
   Lair: D:8-11

Altars:
Ashenzari
Cheibriados
Dithmenos
Elyvilon
Fedhas
Gozag
Hepliaklqana
Kikubaaqudgha
Makhleb
Nemelex Xobeh
Okawaru
Qazlal
Ru
Trog
Uskayaw
Vehumet
Xom
Yredelemnul
Zin
The Shining One

Shops:
D:4 %   D:5 %

Annotations:
D:3 1 runed translucent door, Crazy Yiuf, Grinder
D:8 Grum


Innate Abilities, Weirdness & Mutations

You cannot wear most types of armour.
You are very stealthy in the water. (Stealth+)
You are amphibious.
You can wear up to eight rings at the same time.
You can use your tentacles to constrict eight enemies at once.
Your skin changes colour to match your surroundings (Stealth+).
Your rubbery body absorbs attacks. (AC +1, EV +1)


Message History

The wolf is moderately wounded.
You constrict the wolf. The wolf bites you!
* * * LOW HITPOINT WARNING * * *
You block the wolf's attack.
You feel better.
You constrict the wolf. The wolf bites you.
* * * LOW HITPOINT WARNING * * *
Your shield prevents you from hitting the wolf.
The wolf is moderately wounded.
You constrict the wolf. You block the wolf's attack. The wolf bites you!
* * * LOW HITPOINT WARNING * * *
You feel better.
You constrict the wolf, but do no damage.
You block the wolf's attack. The wolf bites you!
* * * LOW HITPOINT WARNING * * *
Okay, then.
Your shield prevents you from hitting the wolf.
The wolf is heavily wounded.
You constrict the wolf, but do no damage.
The wolf bites you.
You die... #######.# #..h@...# #.####### #. #. #. #. #. >.

You could see a wolf.

Vanquished Creatures
  Eustachio (D:4)
  A water moccasin (D:5)
  2 orc warriors
  A sky beast (D:7)
  A phantom (D:5)
  Purgy (D:4)
  A wolf (D:7)
  2 ogres
  2 centaurs
  Blork the orc (D:4)
  A bullfrog (D:6)
  A scorpion (D:4)
  A howler monkey (D:4)
  A jelly (D:8)
  2 hounds
  3 orc priests
  7 orc wizards
  A centaur skeleton (D:6)
  Ijyb (D:3)
  Natasha (thrice) (D:4)
  2 iguanas
  8 worker ants
  9 adders
  2 adder zombies
  An adder skeleton (D:5)
  2 worms
  5 dart slugs
  4 leopard geckos
  24 orcs
  4 bats
  7 giant cockroaches
  4 goblins
  7 hobgoblins
  10 jackals
  5 kobolds
  A quokka (D:6)
  A ball python (D:5)
  3 frilled lizards
  A leopard gecko skeleton (D:4)
  A quokka skeleton (D:5)
  A quokka zombie (D:6)
  11 rats
147 creatures vanquished.

Notes
Turn   | Place    | Note
-------+----------+-------------------------------------------
     0 | D:1      | shadizar the Octopode Assassin began the quest for the Orb.
     0 | D:1      | Reached XP level 1. HP: 14/14 MP: 1/1
   187 | D:1      | Reached XP level 2. HP: 19/19 MP: 2/2
   762 | D:2      | Reached XP level 3. HP: 25/25 MP: 3/3
   777 | D:2      | Reached skill level 6 in Stealth
   777 | D:2      | Reached XP level 4. HP: 21/30 MP: 4/4
  1708 | D:2      | Reached XP level 5. HP: 14/36 MP: 5/5
  2707 | D:3      | Noticed Ijyb
  2725 | D:3      | Killed Ijyb
  2725 | D:3      | Reached skill level 1 in Shields
  3323 | D:3      | Reached XP level 6. HP: 26/42 MP: 6/6
  3607 | D:3      | Found a runed translucent door.
  3607 | D:3      | Noticed Grinder
  3608 | D:3      | Noticed Crazy Yiuf
  3683 | D:4      | Noticed Blork the orc
  3689 | D:4      | Killed Blork the orc
  3822 | D:4      | Found a hide-covered altar of Uskayaw.
  3863 | D:4      | Found an opulent altar of Gozag.
  3879 | D:4      | Found Nigeom's Food Shoppe.
  3880 | D:4      | Noticed Natasha
  3886 | D:4      | Killed Natasha
  3972 | D:4      | Reached XP level 7. HP: 5/46 MP: 7/7
  4255 | D:4      | Noticed Natasha
  4258 | D:4      | Killed Natasha
  4683 | D:4      | Found a radiant altar of Vehumet.
  4691 | D:4      | Noticed Purgy
  4704 | D:4      | Killed Purgy
  5040 | D:4      | Noticed Natasha
  5044 | D:4      | Noticed Eustachio
  5049 | D:4      | Killed Eustachio
  5049 | D:4      | Reached skill level 7 in Stealth
  5089 | D:4      | Reached XP level 8. HP: 45/54 MP: 8/8
  5092 | D:4      | Killed Natasha
  5677 | D:5      | Entered Level 5 of the Dungeon
  5681 | D:5      | Found a staircase to the Ecumenical Temple.
  5892 | Temple   | Entered the Ecumenical Temple
  5903 | Temple   | Became a worshipper of Warmaster Okawaru
  6088 | D:5      | Reached skill level 5 in Shields
  6093 | D:5      | Reached skill level 8 in Stealth
  6163 | D:5      | Found Jagrev's Food Shoppe.
  6495 | D:6      | Found a hazy altar of Hepliaklqana.
  6538 | D:6      | Reached skill level 1 in Invocations
  6778 | D:6      | Reached skill level 5 in Fighting
  6778 | D:6      | Reached skill level 5 in Short Blades
  7166 | D:6      | Reached XP level 9. HP: 54/61 MP: 10/10
  7635 | D:6      | Reached * piety under Okawaru
  7906 | D:7      | Reached skill level 5 in Dodging
  8116 | D:7      | You fall into a shaft and drop 1 floor!
  8294 | D:8      | Noticed Grum
  8315 | D:7      | Slain by a wolf

Illustrated notes

Levels and vault maps discovered:
D:1:      evilmike_arrival_hilbert_curve, layout_rooms
D:2:      layout_basic, grunt_ministairs_10
D:3:      layout_loops_ring, uniq_crazy_yiuf_cottage, uniq_ijyb, uniq_grinder
D:4:      layout_layer_cave, marbit_many_paths,
          nicolae_gozag_cash_rules_everything_around_me, lemuel_round_altar,
          serial_shops, shop_fountains, minmay_misc_feat_diagonals, uniq_purgy,
          uniq_natasha, uniq_blork_the_orc, uniq_eustachio
D:5:      layout_gridville, minmay_temple_entry_junction_2, first_ration,
          serial_shops, shop
D:6:      layout_loops_corners, nicolae_overflow_hidden_temple,
          kennysheep_generic_room_7
D:7:      layout_basic, old_standard_altar, basic_altar, serial_glass,
          glass_columns_a, glass_columns_c, feat_on_display, item_on_display_a,
          feat_on_display, feat_on_display
D:8:      layout_basic, kennysheep_little_box, kennysheep_generic_room_14,
          uniq_grum
Temple:   nicolae_temple_x_marks_the_god

Skill      XL: |  1  2  3  4  5  6  7  8  9 |
---------------+----------------------------+-----
Stealth        | 6 7 8 |  8.9
Short Blades   | 3 4 5 |  5.7
Fighting       | 3 4 5 |  5.6
Shields        | 2 3 4 5 |  5.2
Dodging        | 2 3 4 5 |  5.2
Invocations    | 2 3 |  3.2
Throwing       | |  2.0

Action                   |  1- 3 |  4- 6 |  7- 9 || total
-------------------------+-------+-------+-------++-------
Melee: Dagger            |    50 |   121 |   178 ||   349
       Constrict         |    13 |    28 |    35 ||    76
       Tentacles         |     5 |    15 |    36 ||    56
  Use: Scroll            |       |       |    19 ||    19
       Potion            |       |       |     3 ||     3
 Stab: Sleeping          |     5 |    21 |    18 ||    44
       Distracted        |       |       |     3 ||     3
  Eat: Chunk             |       |     9 |    11 ||    20
       Ration            |       |       |     1 ||     1
Armor: Skin              |       |     2 |     3 ||     5
Dodge: Dodged            |    19 |    23 |    26 ||    68
Block: Tower shield      |     5 |    54 |   113 ||   172
